 Dungeon Crawl Stone Soup version 0.19.5 (webtiles) character file.

524 equalderp2856 the Gouger (level 7, -2/31 HPs)
             Began as a Felid Fighter on Mar 11, 2017.
             Killed by nerve-wracking pain
             ... invoked by Menkaure
              (12 damage)
             ... on level 6 of the Dungeon.
             The game lasted 00:13:52 (4949 turns).

equalderp2856 the Gouger (Felid Fighter)            Turns: 4949, Time: 00:13:52

Health: -2/31      AC:  2    Str: 13    XL:     7   Next: 2%
Magic:  8/8        EV: 22    Int: 10    God:
Gold:   207        SH:  0    Dex: 16    Spells: 0 memorised, 6 levels left
                                        Lives:  0   Deaths: 2

rFire  . . .     SeeInvis +       - Unarmed
rCold  . . .     Gourm    .     (armour unavailable)
rNeg   . . .     Faith    .     (shield unavailable)
rPois  +         Spirit   .     (helmet unavailable)
rElec  .         Reflect  .     (cloak unavailable)
rCorr  .         Harm     .     (gloves unavailable)
MR     +....                    (boots unavailable)
Stlth  +++.......               e - amulet of rage
                                (no ring)
                                (no ring)

@: quick
A: no armour, no weapons or thrown items, stealth, claws 1, fangs 3, see
invisible, carnivore 3, speed 1, poison resistance, shaggy fur 2, slow
metabolism 1, sharp paws
a: Evoke Berserk Rage


You were on level 6 of the Dungeon.
You were not hungry.

You visited 1 branch of the dungeon, and saw 6 of its levels.
You also visited: Ossuary.

You collected 207 gold pieces.

Inventory:

Jewellery
 a - an uncursed amulet of faith {unknown}
 e - an amulet of rage (around neck)
 k - an uncursed ring of stealth {unknown}
 t - a cursed ring of loudness {unknown}
Wands
 r - a wand of acid (1/15)
Scrolls
 c - 3 scrolls of recharging {unknown}
 h - 3 scrolls of blinking {unknown}
 j - 7 scrolls of identify
 l - a scroll of enchant weapon {unknown}
 n - a scroll of teleportation {unknown}
 o - 2 scrolls of remove curse {unknown}
 p - 2 scrolls of noise {unknown}
 q - a scroll of fog {unknown}
 u - a scroll of amnesia {unknown}
Potions
 d - a potion of magic
 f - 2 potions of brilliance
 i - 2 potions of mutation
 s - a potion of curing
Comestibles
 b - 3 meat rations
 g - 6 bread rations
 m - 3 beef jerkies


   Skills:
 + Level 3.6 Fighting
 + Level 6.3 Dodging
 + Level 4.6 Stealth
 + Level 8.0 Unarmed Combat
 + Level 1.0 Evocations


You had 6 spell levels left.
You didn't know any spells.

Dungeon Overview and Level Annotations

Branches:
Dungeon (6/15)             Temple (0/1) D:4

Altars:
Ashenzari
Gozag
Nemelex Xobeh

Shops:
D:4 *   D:5 (

Annotations:
D:3 Sigmund; dxctxrx's ghost, amateur DECj
D:5 Pikel
D:6 Menkaure


Innate Abilities, Weirdness & Mutations

You cannot wear armour.
You are incapable of wielding weapons or throwing items.
Your paws allow you to move quietly. (Stealth)
You have sharp claws.
You have razor-sharp teeth.
You have supernaturally acute eyesight. (SInv)
You are carnivorous and can eat meat at any time.
You cover ground quickly.
You are covered in thick fur. (AC +2)
You have a slow metabolism.
Your sharp claws are effective at attacking unaware monsters.
Your system is resistant to poisons. (rPois)


Message History

You claw the bullfrog!
The bullfrog is almost dead.
Menkaure shouts!
The bullfrog hits you.
You claw the bullfrog!
You kill the bullfrog!
Your Unarmed Combat skill increases to level 8!
Welcome back to level 7!
A howler monkey comes into view.
Menkaure casts a spell at you. Pain shoots through your body!
Menkaure calls on the powers of darkness!
The howler monkey convulses!
The howler monkey howls!
Your body is wracked with pain!
* * * LOW HITPOINT WARNING * * *
Found an escape hatch in the floor.
Menkaure gestures at you while chanting.
Pain shoots through your body!
You die...

#...# #......#.....# ..#
####.#.#..####.##
#.........####.#
.#####.##....[......#
.......##.##.#.##.....#
........#..#รท#.##.....#
........#.............#
....M...##.#.##.#.....#
#.h.@....# .# .#
>......###.### .# #
.####.# #.# .. #. #.# #
#.# ... #.. ###


You could see Menkaure and a howler monkey.

Vanquished Creatures
  A wraith (Ossuary)
  A sky beast (D:6)
  An ogre (D:4)
  A bullfrog (D:6)
  2 howler monkeys
  A crimson imp (D:6)
  A hound (D:6)
  A centaur skeleton (D:4)
  3 iguanas
  A hound skeleton (D:5)
  A mummy (Ossuary)
  4 gnolls
  9 adders
  An ooze (D:2)
  2 worms
  2 dart slugs (D:1)
  4 leopard geckos
  8 orcs
  A ball python (D:1)
  5 giant cockroaches
  6 goblins
  4 hobgoblins
  10 jackals
  5 kobolds
  4 quokkas
  8 bats
  6 frilled lizards
  9 gnoll skeletons (Ossuary)
  5 kobold skeletons (Ossuary)
  A leopard gecko skeleton (D:4)
  11 orc skeletons (Ossuary)
  A quokka skeleton (D:4)
  A quokka zombie (D:5)
  7 rats
128 creatures vanquished.

Notes
Turn   | Place    | Note
-------+----------+-------------------------------------------
     0 | D:1      | equalderp2856 the Felid Fighter began the quest for the Orb.
     0 | D:1      | Reached XP level 1. HP: 10/10 MP: 2/2
   130 | D:1      | Reached XP level 2. HP: 7/14 MP: 3/3
   844 | D:2      | Reached XP level 3. HP: 13/17 MP: 4/4
  1022 | D:2      | Reached skill level 1 in Stealth
  1426 | D:2      | Reached XP level 4. HP: 21/21 MP: 5/5
  1632 | D:2      | Reached skill level 5 in Unarmed Combat
  2221 | D:3      | Found a shattered altar of Ashenzari.
  2225 | D:3      | Reached XP level 5. HP: 24/24 MP: 6/6
  2228 | D:3      | Found a sparkling altar of Nemelex Xobeh.
  2256 | D:3      | Noticed Sigmund
  2664 | D:3      | Noticed dxctxrx's ghost (amateur DECj)
  2709 | D:4      | Found Gozag's Platinum Reserve.
  2709 | D:4      | Found an opulent altar of Gozag.
  2773 | D:4      | Found a sand-covered staircase.
  2807 | Ossuary  | Entered an ossuary
  2807 | Ossuary  | Noticed a wraith
  2807 | Ossuary  | Noticed a wraith
  2807 | Ossuary  | Noticed a wraith
  2855 | Ossuary  | Reached skill level 5 in Dodging
  2998 | Ossuary  | Reached skill level 6 in Unarmed Combat
  3245 | Ossuary  | Noticed a wraith
  3257 | Ossuary  | HP: 1/24 [wraith (12)]
  3258 | Ossuary  | Gained mutation: You are clumsy. (Dex -2) [potion of mutation]
  3258 | Ossuary  | Gained mutation: Your system is resistant to poisons. (rPois) [potion of mutation]
  3258 | Ossuary  | Lost mutation: You are clumsy. (Dex -2) [potion of mutation]
  3261 | Ossuary  | Mangled by a wraith
  3262 | Ossuary  | Reached XP level 4. HP: -12/21 MP: 5/5
  3274 | Ossuary  | HP: 2/46 [wraith (8)]
  3276 | Ossuary  | Killed a wraith
  3276 | Ossuary  | Reached XP level 5. HP: 3/24 MP: 6/6
  3276 | Ossuary  | Gained mutation: You are covered in thick fur. (AC +2) [Felid growth]
  3276 | Ossuary  | Reached XP level 6. HP: 4/28 MP: 7/7
  4011 | D:4      | Found a staircase to the Ecumenical Temple.
  4189 | D:4      | Reached skill level 7 in Unarmed Combat
  4334 | D:5      | Entered Level 5 of the Dungeon
  4376 | D:5      | Reached skill level 1 in Evocations
  4376 | D:5      | Reached XP level 7. HP: 25/31 MP: 8/8
  4394 | D:5      | Killed from afar by a shadow imp
  4395 | D:5      | Reached XP level 6. HP: -2/28 MP: 7/7
  4410 | D:5      | Found Bamoprox's Antique Weapon Emporium.
  4410 | D:5      | Noticed Pikel
  4410 | D:5      | Noticed a slave
  4410 | D:5      | Noticed a slave
  4410 | D:5      | Noticed a slave
  4410 | D:5      | Noticed a slave
  4448 | D:6      | Noticed a sky beast
  4465 | D:6      | Killed a sky beast
  4539 | D:6      | Noticed a sky beast
  4942 | D:6      | Noticed Menkaure
  4945 | D:6      | Reached skill level 8 in Unarmed Combat
  4945 | D:6      | Reached XP level 7. HP: 26/31 MP: 8/8
  4949 | D:6      | Killed from afar by Menkaure

Skill      XL: |  1  2  3  4  5  6 |
---------------+-------------------+-----
Stealth        | 1 2 3 4 |  4.6
Unarmed Combat | 5 6 8 |  8.0
Dodging        | 5 6 |  6.3
Evocations     | 1 |  1.0
Fighting       | |  3.6

Action                   |  1- 3 |  4- 6 |  7- 9 || total
-------------------------+-------+-------+-------++-------
Melee: Unarmed           |   108 |   274 |     7 ||   389
       Bite              |     8 |    38 |     2 ||    48
       Punch             |     3 |     8 |       ||    11
 Abil: Evoke Berserk Rag |       |     2 |       ||     2
  Use: Potion            |       |    13 |       ||    13
       Scroll            |       |     1 |       ||     1
 Stab: Sleeping          |     4 |     8 |       ||    12
  Eat: Chunk             |     8 |     5 |       ||    13
Armor: Skin              |    13 |    10 |     2 ||    25
Dodge: Dodged            |   110 |   193 |    12 ||   315
